 Dungeon Crawl Stone Soup version 0.27.1-33-g824d729ab1 (webtiles) character file.

Game seed: 376851316870754941

37 lordive the Shooter (level 3, -3/21 HPs)
             Began as a Tengu Hunter on Dec 27, 2021.
             Succumbed to an adder's poison
             ... on level 3 of the Dungeon.
             The game lasted 00:02:06 (2309 turns).

lordive the Shooter (Tengu Hunter)                  Turns: 2309, Time: 00:02:07

Health: -3/21      AC:  6    Str: 13    XL:     3   Next: 41%
Magic:  4/4        EV: 11    Int: 11    God:
Gold:   132        SH:  0    Dex: 14    Spells: 2/2 levels left

rFire    . . .     SeeInvis .   b - +0 short sword
rCold    . . .     Faith    .   (no shield)
rNeg     . . .     Spirit   .   n - +0 ring mail
rPois    .         Reflect  .   (helmet restricted)
rElec    .         Harm     .   (no cloak)
rCorr    .         Rampage  .   p - +0 pair of gloves
Will     .....                  (boots unavailable)
Stlth    +.........             (no amulet)
HPRegen  0.07/turn              (no ring)
MPRegen  0.09/turn              (no ring)

@: mighty, lethally poisoned (-3 -> -18)
A: beak, talons 3
a: no special abilities


You were on level 3 of the Dungeon.
You visited 1 branch of the dungeon, and saw 3 of its levels.

You collected 132 gold pieces.

Inventory:

Hand Weapons
 a - a +1 shortbow
 b - a +0 short sword (weapon)
Missiles
 d - 33 arrows
Armour
 n - a +0 ring mail (worn)
 p - a +0 pair of gloves (worn)
Jewellery
 k - a ring of fire
Scrolls
 c - a scroll of amnesia {unknown}
 e - 4 scrolls of blinking {unknown}
 g - 2 scrolls of teleportation {unknown}
 h - 2 scrolls of identify {unknown}
 l - a scroll of vulnerability {unknown}
Potions
 i - a potion of curing {unknown}
 j - a potion of attraction {unknown}
 m - a potion of flight {unknown}
 o - a potion of brilliance {unknown}


   Skills:
 + Level 2.2 Fighting
 + Level 0.5 Short Blades
 + Level 5.0 Bows
 + Level 0.8 Armour
 + Level 2.5 Dodging
 + Level 1.4 Stealth


You had 2 spell levels left.
You didn't know any spells.
Your spell library contained the following spells:

 Spells                   Type           Power      Damage    Failure   Level
 Summon Small Mammal      Summ           0%         N/A       58%         1


Dungeon Overview and Level Annotations

Branches:
Dungeon (3/15)

Altars:

Annotations:
D:2 1 runed translucent door, Crazy Yiuf


Innate Abilities, Weirdness & Mutations

You have a beak for a mouth.
You have claws for feet.


Message History

You miss the adder.
The adder is moderately wounded.
You feel sick. The adder bites you.
You are more poisoned.
The adder poisons you!
You hit the adder but do no damage.
The adder is moderately wounded.
You feel very sick. The adder barely misses you. x2
You miss the adder. You claw the adder.
The adder is moderately wounded.
You feel sick. The adder closely misses you.
You closely miss the adder. Your peck misses the adder.
The adder is moderately wounded.
You feel sick. The adder bites you but does no damage.
The adder barely misses you.
You are too injured to fight recklessly!
You are too injured to fight recklessly!
You are too injured to fight recklessly!
You are too injured to fight recklessly!
You closely miss the adder. You claw the adder, but do no damage.
You peck the adder.
The adder is heavily wounded.
You feel sick. The adder barely misses you.
You barely miss the adder. Your kick misses the adder.
The adder is heavily wounded.
You feel sick. The adder bites you.
* * * LOW HITPOINT WARNING * * *
You are lethally poisoned!
The adder poisons you! The adder barely misses you.
You completely miss the adder.
The adder is heavily wounded.
* * * LOW HITPOINT WARNING * * *
You feel sick. The adder bites you.
* * * LOW HITPOINT WARNING * * *
You are more poisoned.
The adder poisons you!
It was a potion of might.
You feel very mighty all of a sudden.
You die...

#.#.# #.....#.#
#.#.###.....#.#
#.#.........#.####
#.#......#.......#
#.######.##.#.##
#...........#.#
.........####.#
#.#################.#
#...S@..............#
###################.#
###


You could see an adder.

Vanquished Creatures
  A worm (D:2)
  A dart slug (D:2)
  3 endoplasms
  3 giant cockroaches (D:1)
  2 goblins (D:1)
  5 hobgoblins
  2 jackals (D:2)
  A quokka (D:1)
  A ball python (D:1)
  4 bats
  2 frilled lizards
  3 kobolds
  A rat (D:1)
29 creatures vanquished.

Vanquished Creatures (others)
  2 fungi (D:2)
  A plant (D:2)
3 creatures vanquished.

Grand Total: 32 creatures vanquished

Notes
Turn   | Place    | Note
-------+----------+-------------------------------------------
     0 | D:1      | lordive the Tengu Hunter began the quest for the Orb.
     0 | D:1      | Reached XP level 1. HP: 12/12 MP: 2/2
   334 | D:1      | Reached XP level 2. HP: 17/17 MP: 3/3
  1196 | D:2      | Reached skill level 5 in Bows
  1212 | D:2      | Reached XP level 3. HP: 14/21 MP: 4/4
  1555 | D:2      | Found a runed translucent door.
  1556 | D:2      | Noticed Crazy Yiuf
  1684 | D:2      | Found a faded altar of an unknown god.
  1695 | D:2      | Got Plato's Incunabulum of Summoning
  2308 | D:3      | HP: 1/21 [adder (2)]
  2309 | D:3      | Succumbed to an adder's poison

Illustrated notes

Levels and vault maps discovered:
D:1:      enne_arrival_octagon_isle, layout_basic, serial_rivers,
          chequers_serial_rivers_micro_b, chequers_serial_rivers_small_b,
          chequers_serial_rivers_micro_d, chequers_serial_rivers_room_b,
          chequers_serial_rivers_marsh
D:2:      layout_basic, shapermc_ecumenical_altar_rom_forum, kennysheep_potato,
          uniq_crazy_yiuf_cottage
D:3:      kennysheep_slugbush, layout_basic, grunt_dithmenos_smoke_and_mirrors,
          uniq_natasha

Skill      XL: |  1  2 |
---------------+-------+-----
Bows           | 5 |  5.0
Fighting       | |  2.2
Short Blades   | |  0.5
Armour         | |  0.8
Dodging        | |  2.5
Stealth        | |  1.4

Action                   || total
-------------------------++-------
Melee: Short sword       ||    82
       Kick              ||    20
       Peck              ||    12
  Use: Potion            ||     1
 Stab: Sleeping          ||     2
Armor: Leather armour    ||    15
       Ring mail         ||     7
Dodge: Dodged            ||    61
